[Event "1st Bella Italia International 2022"]
[Site "Lignano"]
[Date "2022.08.18"]
[Round "1.1"]
[White "Sonis, Francesco"]
[Black "Colonetti, Fabio"]
[Result "1-0"]
[ECO "A30"]
[WhiteElo "2543"]
[BlackElo "2152"]
[Annotator "TA"]
[PlyCount "67"]
[EventDate "2022.08.18"]
[EventCountry "ITA"]
[SourceTitle "playchess.com"]
[Source "ChessBase"]
[SourceQuality "1"]
[TimeControl "5400+30"]

1. Nf3 Nf6 2. c4 g6 3. b3 Bg7 4. Bb2 O-O 5. g3 b6 6. Bg2 Bb7 7. O-O c5 8. Re1 {[%emt 0:00:00] 8.d4 gains popularity. A30: Symmetrical English: Double Fianchetto and Hedgehog.} d5 9. cxd5 (9. e3 {looks sharper.} e6 10. d4 dxc4 11. bxc4 Qe7 12. Nbd2) 9... Nxd5 10. Bxg7 {[%emt 0:00:00] The position is equal.} Kxg7 11. d4 cxd4 12. Nxd4 {[%emt 0:00:00] [#]} ({Better is} 12. Qxd4+ $14 Nf6 13. Qb2) 12... Qd7 $146 ({Predecessor:} 12... e6 13. e4 Ne7 14. Nc3 Nbc6 15. Ndb5 e5 16. Nd5 a6 17. Nbc3 Nd4 18. Nxe7 Qxe7 {1-0 (40) Limontas,M (2311)-Wiwatanadate,P (2040) Chess.com INT 2020}) 13. Qd2 Kg8 14. Rd1 Rd8 (14... Nf6 $11) 15. Nc3 ({White should try} 15. Nc2 $1 $16) 15... Nxc3 $11 16. Qxc3 {[%emt 0:00:00] Black must now prevent Bxb7.} Na6 17. Bxb7 Qxb7 18. b4 Rac8 {[%emt 0:02:41] Prevents Nc6.} 19. Nc6 Rxd1+ (19... Re8 $14 20. b5 Nc5) 20. Rxd1 $16 {[%emt 0:00:00][%cal Oc6e7] Strongly threatening Nxe7+!} Re8 (20... Qxc6 $2 21. Rd8+ $3 Rxd8 22. Qxc6 Nxb4 23. Qb7 $18) 21. Nd8 $40 {[%emt 0:00:00][%mdl 128] White wants a kill. White is much more active.} Qe4 22. Qc6 Qxc6 23. Nxc6 {[%emt 0:00:00][%mdl 4096] Endgame KRN-KRN} Kg7 24. Rd7 Rc8 25. b5 ({Resist} 25. Nxa7 Rc1+ 26. Kg2 Nxb4 $14) 25... Nb8 {[%emt 0:00:46] Black cannot hold the game after this.} (25... Rc7 $16 26. Rxc7 (26. Rxe7 Rxe7 27. Nxe7 Nc7 $14) 26... Nxc7) 26. Nxb8 $18 ({Don't do} 26. Rxa7 Nxc6 27. bxc6 Kf8 $14) 26... Rxb8 27. Rxe7 {[%emt 0:00:00] KR-KR} Ra8 {[%emt 0:00:22] [#]} 28. Rb7 $1 h5 29. a4 Kf6 (29... g5 {is a better defense.} 30. Kg2 Kf6) 30. Kg2 Ke6 31. Kf3 f6 32. h4 Ke5 (32... g5 {keeps fighting.} 33. Rg7 gxh4 34. gxh4 Kd5) 33. Rg7 Kf5 34. e4+ {[%emt 0:00:00] Weighted Error Value: White=0.11 (very precise) /Black=0.32} 1-0

[Event "1st Bella Italia International 2022"]
[Site "Lignano"]
[Date "2022.08.18"]
[Round "1.2"]
[White "Grigorian, Roudolph"]
[Black "Visakh N R"]
[Result "0-1"]
[ECO "B53"]
[WhiteElo "2101"]
[BlackElo "2503"]
[Annotator "TA"]
[PlyCount "102"]
[EventDate "2022.08.18"]
[EventCountry "ITA"]
[SourceTitle "playchess.com"]
[Source "ChessBase"]
[SourceQuality "1"]
[TimeControl "5400+30"]

1. e4 c5 2. Nf3 d6 3. d4 cxd4 4. Qxd4 Nf6 5. c4 Nc6 6. Qe3 {[%emt 0:00:03] B53: Sicilian: 2...d6: Lines with Qxd4.} Bg4 7. Be2 g6 8. O-O {[%emt 0:00:09] The position is equal.} Bg7 9. Nc3 O-O 10. Rb1 Nd7 11. b3 Nc5 12. Bb2 {[%emt 0:03:02] [#]} Ne6 $146 ({Predecessor:} 12... a6 13. Nd5 e6 14. Bxg7 Kxg7 15. Nc3 Bxf3 16. Qxf3 e5 17. Qe3 Nd4 {1-0 (25) Bharathi,R (2112)-Sahajasri,C (2074) Chennai 2011}) 13. Ne1 Bxe2 14. Nxe2 Qb6 15. Nc2 Qxe3 16. Nxe3 Ned4 17. Nxd4 Bxd4 18. Bxd4 Nxd4 19. Rb2 {[%emt 0:00:14] Against Ne2+} Nc6 20. Rd1 Rfd8 21. f3 Kf8 22. Kf2 e6 23. Rbd2 Ke7 24. Nc2 a6 25. Na3 g5 26. Nb1 Rac8 27. Nc3 Ne5 28. Ne2 h5 29. Nd4 Rc5 30. Ke3 h4 31. Rc2 Rdc8 32. Rdc1 R5c7 33. Ke2 Rc5 34. Ke3 Ng6 35. b4 R5c7 36. c5 dxc5 37. bxc5 Ne5 38. a4 Kf6 39. g3 hxg3 40. hxg3 Rd8 41. Rc3 Rcd7 42. Nb3 Rh8 (42... Ke7 $15) 43. Na5 ({White should play} 43. c6 $11 bxc6 44. Nc5) 43... Rh3 $15 {[%emt 0:02:22] Black is more active.} 44. Rg1 {[%emt 0:00:05] [#]} (44. c6 $15 bxc6 45. Nxc6) 44... Rh2 (44... g4 $1 $19 45. fxg4 Kg5) 45. c6 (45. Nc4 $17 {was called for.}) 45... Rdd2 $19 ({And not} 45... bxc6 46. Nxc6 Nxc6 47. Rxc6 $17) 46. Re1 {[%emt 0:00:01] Inhibits Rhe2+. Threatens to win with c7.} Rdf2 $36 {[%emt 0:01:02][%mdl 2048] Black has strong initiative.} ({Stronger than} 46... bxc6 47. Nxc6 Ng6 48. Nd4 $17) 47. cxb7 $2 (47. Kd4 Rxf3 48. Rec1 Rd2+ 49. Kc5 Rxc3+ 50. Rxc3 bxc6 51. Nb3) 47... Rxf3+ {[%emt 0:00:06] Black is clearly winning.} 48. Kd4 Rd2+ 49. Kc5 Rxc3+ 50. Kb4 Rcd3 {[%emt 0:00:55] [#] ( -> ...Rb2+)} 51. Rf1+ Kg7 {[%emt 0:00:06] Weighted Error Value: White=0.32/Black=0.09 (flawless)} 0-1

[Event "1st Bella Italia International 2022"]
[Site "Lignano"]
[Date "2022.08.18"]
[Round "1.3"]
[White "Ghosh, Diptayan"]
[Black "Etxagibel Larranaga, Asier"]
[Result "1-0"]
[ECO "D10"]
[WhiteElo "2538"]
[BlackElo "2118"]
[Annotator "TA"]
[PlyCount "63"]
[EventDate "2022.08.18"]
[EventCountry "ITA"]
[SourceTitle "playchess.com"]
[Source "ChessBase"]
[SourceQuality "1"]
[TimeControl "5400+30"]

1. d4 d5 2. c4 c6 3. e3 Nf6 4. Nc3 Bf5 5. cxd5 cxd5 6. Qb3 Bc8 {[%emt 0:21:05] 6...Nc6 might become the main line.} 7. Nf3 e6 8. Bd3 Be7 {[%emt 0:00:09] D10: Slav Defence: 3 cxd5 (without early Nf3) and 3 Nc3.} 9. O-O O-O 10. Bd2 b6 {[%emt 0:01:46] The position is equal.} 11. Rac1 Bb7 12. Ne5 Nbd7 13. f4 $1 Ne4 14. Nxe4 dxe4 15. Bc4 $1 {[%emt 0:05:29] [#]} Nxe5 $146 ({Predecessor:} 15... Kh8 16. Rc2 Bd6 17. Bb4 Qe7 18. Bxd6 Qxd6 19. Bb5 Nxe5 20. fxe5 Qe7 21. Bc6 Rac8 {1-0 (39) Jukic,M (2455)-Imanaliev,T (2385) Frunze 1987}) 16. fxe5 Rc8 17. Bb4 Bxb4 18. Qxb4 Re8 19. b3 (19. Bb5 $14 Qg5 20. Qa3 (20. Bxe8 Qxe3+ 21. Kh1 Qxc1 $17) 20... Rxc1 21. Rxc1) 19... Re7 $11 20. Rf4 Bd5 21. Rcf1 Bxc4 22. bxc4 Rec7 23. Qe1 Rd7 24. Qe2 Qe8 (24... Qc7 $11 {keeps the balance.}) 25. Rxe4 $16 Rdc7 {[%emt 0:00:45] [#]} 26. d5 $1 {[%emt 0:02:58] White is more active.} exd5 27. cxd5 Rc2 28. Qg4 Rxa2 $2 {[%emt 0:02:41] This costs Black the game.} (28... Rc1 $16) 29. e6 $18 {[%emt 0:00:14] White is clearly winning.} fxe6 30. Rxe6 Qd7 31. Qe4 {[%emt 0:01:09] [#] White threatens Re7 and mate.} Qb5 {[%emt 0:03:39][%cal Ob5f1] ( -> ...Qxf1+!)} 32. Rc6 {[%emt 0:03:26] Weighted Error Value: White=0.06 (flawless) /Black=0.20 (precise)} 1-0

[Event "1st Bella Italia International 2022"]
[Site "Lignano"]
[Date "2022.08.18"]
[Round "1.4"]
[White "Montorsi, Matteo"]
[Black "Karthik Venkataraman"]
[Result "0-1"]
[ECO "B26"]
[WhiteElo "2100"]
[BlackElo "2483"]
[Annotator "TA"]
[PlyCount "114"]
[EventDate "2022.08.18"]
[EventCountry "ITA"]
[SourceTitle "playchess.com"]
[Source "ChessBase"]
[SourceQuality "1"]
[TimeControl "5400+30"]

1. e4 c5 2. Nc3 d6 3. g3 Nc6 4. Bg2 g6 5. d3 Bg7 6. Be3 Rb8 7. a4 a6 8. Qd2 {[%emt 0:00:11] B26: Closed Sicilian: 3 g3, lines with early Be3.} b5 9. axb5 axb5 10. Nge2 {[%emt 0:01:44] The position is equal.} b4 11. Nd1 Nd4 12. O-O h5 13. h4 {[%emt 0:10:48] [#]} Nh6 $146 ({Predecessor:} 13... Bd7 14. f4 Nh6 15. Bxd4 cxd4 16. Nf2 O-O 17. Ra7 Ng4 18. Nxg4 Bxg4 19. Rfa1 Qb6 20. Rxe7 {0-1 (42) Andre,D (2062)-Hautot,S (2333) Charleroi 2001}) 14. f3 b3 15. Bxd4 cxd4 16. c3 dxc3 17. Ndxc3 e6 18. Kh2 Ng8 (18... d5 $5 ) 19. Ra3 Ne7 20. Nc1 d5 21. Rxb3 Bb7 22. f4 dxe4 23. Bxe4 (23. Qd1 $1 $11) 23... Ba6 24. Rd1 O-O {[%emt 0:07:30][%mdl 1024] Black has strong compensation.} 25. d4 Bc4 26. Ra3 Qd6 27. Ra4 Rfc8 28. Qg2 Qb6 (28... Bxd4 $2 29. N1e2 $18) 29. Rd2 Bxd4 30. N1e2 Bf6 {[%emt 0:02:10] A strong pair of Bishops.} 31. Qg1 {[%emt 0:01:46] Against Qe3} Bxe2 32. Qxb6 Rxb6 33. Rxe2 Bxc3 34. bxc3 Rxc3 35. Ra7 Nc8 36. Ra8 Kg7 37. Rc2 Rxc2+ 38. Bxc2 $17 {[%emt 0:00:04][%mdl 4096] Endgame KRB-KRN} Nd6 {[%emt 0:00:04] [#] Threatens to win with ...Rb2.} 39. Ra2 {[%emt 0:00:24] Against Rb2} Rc6 40. Bd3 Rc3 41. Rd2 Rc5 42. Bb1 Rd5 43. Rg2 Rd4 44. Kh3 Nc4 45. Re2 Nd6 (45... Nb6 $17 46. Kg2 Rb4) 46. Bc2 (46. Rg2 $1 $11 {was the only way to keep the balance.}) 46... Nb5 47. Rf2 Nc3 48. Rg2 Nd5 {[%emt 0:00:37] Black is more active.} 49. Rf2 Kf6 50. Kh2 Rc4 51. Re2 {[%emt 0:00:31] Prevents Ne3.} Rc3 {[%emt 0:00:07] [#] Hoping for ...Ne3.} 52. Be4 Ne3 {[%emt 0:00:07] ...Nf1+ is the strong threat.} 53. Kg1 {[%emt 0:00:40][%mdl 8192] Prevents Nf1. Loses the game.} (53. Kh3 $17 {is tougher.}) 53... Nf5 $19 {[%emt 0:00:43] Black is clearly winning.} 54. Bxf5 Kxf5 55. Re5+ Kg4 56. Rg5+ Kh3 57. Kf2 Ra3 {[%emt 0:00:04] Weighted Error Value: White=0.39/Black=0.06 (flawless)} 0-1

[Event "1st Bella Italia International 2022"]
[Site "Lignano"]
[Date "2022.08.18"]
[Round "1.5"]
[White "Das, Sayantan"]
[Black "Bommini Mounika Akshaya"]
[Result "1-0"]
[ECO "B51"]
[WhiteElo "2449"]
[BlackElo "2107"]
[Annotator "TA"]
[PlyCount "95"]
[EventDate "2022.08.18"]
[EventCountry "ITA"]
[SourceTitle "playchess.com"]
[Source "ChessBase"]
[SourceQuality "1"]
[TimeControl "5400+30"]

1. e4 c5 2. Nf3 d6 3. Bb5+ Nd7 4. d4 cxd4 5. Qxd4 Ngf6 6. O-O g6 (6... a6 $5 7. Bxd7+ Bxd7 $11) 7. Rd1 {[%emt 0:05:00] B51: Sicilian: Moscow Variation (3 Bb5+) without 3...Bd7.} Bg7 8. e5 dxe5 9. Nxe5 {[%emt 0:08:44] Nc3 is the strong threat. The position is equal.} O-O 10. Nc3 ({But not} 10. Qd3 Qa5 11. Nxd7 Bxd7 12. Bxd7 Rfd8 $15) 10... Qb6 {[%emt 0:18:02] [#] aiming for ...Qxd4.} 11. Qxb6 $146 ({Predecessor:} 11. Be3 Qxd4 12. Bxd4 Nxe5 13. Bxe5 Bf5 14. Bd3 Bxd3 15. Rxd3 Rfd8 16. Rad1 Rxd3 17. Rxd3 {½-½ (30) Galkin,A (2617)-Makarov,M (2511) Dagomys 2009}) 11... Nxb6 12. Be3 Bf5 13. Bd3 {[%emt 0:05:22] Inhibits Ne4.} Rfd8 14. Bxf5 gxf5 15. Bxb6 axb6 16. Nc4 Nd7 17. Rd3 Nc5 18. Rxd8+ Rxd8 19. Rd1 Rxd1+ 20. Nxd1 $11 {[%emt 0:00:02][%mdl 4096] Endgame KBN-KNN} b5 21. Na5 e6 (21... b4 $11) 22. b4 $14 Na6 23. a3 b6 24. Nc6 Nc7 25. Kf1 Bh6 (25... Kf8 $14) 26. Ke2 $16 Kf8 27. Kd3 Bc1 (27... Ke8 $16) 28. Nc3 $18 Bb2 29. Na7 Bxc3 30. Kxc3 {[%emt 0:00:02] KN-KN} Ke8 31. Kd4 f6 32. Nc8 e5+ 33. Kd3 Kd7 $2 {[%emt 0:02:07] A mistake that costs the game.} (33... Nd5 $16) 34. Nxb6+ Kc6 35. Nc8 {[%emt 0:00:16] Threatens to win with Ne7+.} e4+ 36. Ke3 Kd5 (36... Kd7 $142) 37. f4 Ke6 $2 (37... Ne8 38. g3 Kc4) 38. Kd4 Nd5 39. g3 {[%emt 0:00:12] White is clearly winning.} Kd7 {[%emt 0:00:31] [#]} 40. Na7 ({Not} 40. Kxd5 $2 e3 41. Nb6+ Kc7 $19) 40... Nc7 41. c4 bxc4 42. Kxc4 Ne6 (42... Kd6 $142 43. a4 Kd7) 43. Nb5 h5 44. Nc3 Nc7 45. Nd1 Kc6 46. Ne3 Nb5 47. a4 Nd6+ 48. Kd4 {[%emt 0:03:59] Weighted Error Value: White=0.07 (flawless) /Black=0.30} 1-0

[Event "1st Bella Italia International 2022"]
[Site "Lignano"]
[Date "2022.08.18"]
[Round "1.6"]
[White "Heredia Serrano, Carla"]
[Black "Jonkman, Harmen"]
[Result "0-1"]
[ECO "C67"]
[WhiteElo "2090"]
[BlackElo "2373"]
[Annotator "TA"]
[PlyCount "54"]
[EventDate "2022.08.18"]
[EventCountry "ITA"]
[SourceTitle "playchess.com"]
[Source "ChessBase"]
[SourceQuality "1"]
[TimeControl "5400+30"]

1. e4 e5 2. Nf3 Nc6 3. Bb5 Nf6 4. O-O Nxe4 5. Re1 Nd6 6. a4 {[%emt 0:01:56] C67: Ruy Lopez: Berlin Defence: 4 0-0 Nxe4.} Be7 7. Nxe5 Nxe5 8. Rxe5 {[%emt 0:00:05] [#] The position is equal.} c6 $146 ({Predecessor:} 8... Nxb5 9. axb5 O-O 10. Nc3 d6 11. Re1 Re8 12. Nd5 Be6 13. Nxe7+ Rxe7 14. b3 Bg4 {1-0 (40) Rey Martinez,J (1828)-Palomo Monserrat,L (1148) Collado Villalba 2020}) 9. Bf1 O-O 10. d4 Ne8 (10... Bf6 $5 ) 11. d5 d6 12. Re1 Nc7 13. Nc3 Bf6 14. dxc6 bxc6 15. Ne4 Be7 16. Qf3 Rb8 17. Bd3 Ne6 18. Ng3 d5 19. Nh5 Bd6 {[%emt 0:15:48] Against Qg3} 20. b3 Qh4 21. g3 ({White should try} 21. Ng3 $15) 21... Nd4 $40 {[%emt 0:00:32][%mdl 128] Black goes for the king.} 22. Bxh7+ {[%emt 0:03:54] [#]} (22. Qd1 $17 Qg4 23. Bf4 Bxf4 24. Nxf4 (24. Qxg4 $2 Bxg4 25. Nxf4 Nf3+ 26. Kg2 Nxe1+ 27. Rxe1 Rfe8 $19) 24... Nf3+ 25. Kg2 Nxe1+ 26. Qxe1) 22... Kh8 $1 $19 {[%emt 0:02:30] The board is on fire.} ({Stronger than} 22... Kxh7 23. Qd3+ Bf5 24. Qxf5+ Nxf5 25. gxh4 $17) 23. Qd1 Qg4 {[%emt 0:00:16] White must now prevent ...Nf3+.} 24. Be4 {[%emt 0:00:33][%cal Oc1b2] Prevents Nf3+.} Qxd1 25. Rxd1 {[%emt 0:00:01][%cal Oc1b2] [#]} Be5 $1 26. Bb2 $2 (26. Be3 Ne2+ 27. Kf1 dxe4 28. Bxa7) 26... Ne2+ {[%emt 0:00:19][%mdl 64] Discovered Attack} 27. Kf1 Bxb2 {[%emt 0:13:57] Weighted Error Value: White=0.35/Black=0.03 (flawless)} 0-1

[Event "1st Bella Italia International 2022"]
[Site "Lignano"]
[Date "2022.08.18"]
[Round "1.7"]
[White "Zeller, Frank"]
[Black "Urbani, Gabriel"]
[Result "1-0"]
[ECO "C78"]
[WhiteElo "2356"]
[BlackElo "2046"]
[Annotator "TA"]
[PlyCount "51"]
[EventDate "2022.08.18"]
[EventCountry "ITA"]
[SourceTitle "playchess.com"]
[Source "ChessBase"]
[SourceQuality "1"]
[TimeControl "5400+30"]

1. e4 e5 2. Nf3 Nc6 3. Bb5 a6 4. Ba4 Nf6 5. d3 b5 6. Bb3 Bc5 7. a4 Bb7 8. O-O {[%emt 0:02:58] is the legacy move (8.Nc3).} O-O 9. Bg5 {[%emt 0:01:45][%cal Bc1g5,Bg5h4,Bh4g3][%mdl 32] is the new trend.} h6 {[%emt 0:01:58] C78: Ruy Lopez: Archangelsk and Möller Defences.} 10. Bh4 {[%emt 0:01:03] 10.axb5 is not played anymore.} g5 11. Bg3 d6 {[%emt 0:00:35] White is slightly better.} 12. axb5 axb5 {[%emt 0:00:22] [#]} 13. Rxa8 $146 ({Predecessor:} 13. Nc3 Rxa1 14. Qxa1 b4 15. Nd5 Nh5 16. Qa4 Kg7 17. Qb5 Nxg3 18. hxg3 Qb8 19. Ra1 {1-0 (43) Douglass,S-Tremblay,L CServe email 1998}) 13... Qxa8 14. h4 g4 15. Nh2 Qc8 16. h5 (16. c3 $11) 16... Nxh5 $17 17. Bh4 Nf4 (17... Nd4 $17 {Threatens to win with ...Nf4.} 18. Nxg4 Kg7) 18. Nxg4 Kg7 {[%emt 0:04:47] Strongly threatening ...f5.} 19. g3 {[%emt 0:05:00] [#]} (19. Nf6 $11 {remains equal.}) 19... Nh5 $2 {[%emt 0:13:36][%mdl 8192] This costs Black the game.} (19... h5 $1 $17 {[%cal Rh5g4] stays on course.} 20. gxf4 (20. Nf6 $2 Qh3 $19) 20... Qxg4+ 21. Qxg4+ hxg4) 20. Ne3 $18 Kg6 (20... Nxg3 21. Bxg3 Qh3) 21. Nf5 {[%emt 0:02:29] Qg4+ would kill now.} Nf6 {[%emt 0:15:33] Inhibits Qg4+.} 22. Bxf6 Kxf6 23. Qh5 {[%emt 0:00:06][%cal Rh5h6] [#]} Rg8 24. Qxf7+ {[%emt 0:04:13] White mates.} Kg5 25. Nd2 {[%emt 0:03:55] Pair of Knights!} Nd4 26. Qe7+ {[%emt 0:01:02] Weighted Error Value: White=0.30/Black=1.10} 1-0

[Event "1st Bella Italia International 2022"]
[Site "Lignano"]
[Date "2022.08.18"]
[Round "1.8"]
[White "Bordignon, Angelo"]
[Black "Lumachi, Gabriele"]
[Result "0-1"]
[ECO "C56"]
[WhiteElo "2062"]
[BlackElo "2355"]
[Annotator "TA"]
[PlyCount "46"]
[EventDate "2022.08.18"]
[EventCountry "ITA"]
[SourceTitle "playchess.com"]
[Source "ChessBase"]
[SourceQuality "1"]
[TimeControl "5400+30"]

1. e4 e5 2. Nf3 Nc6 3. d4 exd4 4. Bc4 Nf6 5. e5 Ng4 6. O-O d6 7. Re1 {[%emt 0:28:08] C56: Two Knights: 4 d4 exd4 5 0-0 Nxe4.} (7. exd6 $11 {remains equal.} Bxd6 8. Re1+ Kf8 9. Nbd2) 7... Ngxe5 $17 ({But not} 7... dxe5 8. h3 $14) 8. Nxd4 Be7 9. Bb3 {[%emt 0:01:08] Black is better.} Nxd4 10. Qxd4 {[%emt 0:00:32] [#] Strongly threatening f4.} O-O $1 11. Nc3 {[%emt 0:01:12] [#]} c6 $146 {[%emt 0:01:27] Against Nd5} ({Predecessor:} 11... Be6 12. f4 Nc6 13. Qe4 Bg4 14. Bd5 Re8 15. Bxc6 bxc6 16. Qxc6 h6 17. Bd2 Rb8 {1-0 (38) Solnicki,M-Wasilewski,M Lazy 2010}) 12. Bf4 {[%emt 0:03:33] [#]} Ng6 $1 13. Bg3 d5 14. Rad1 Be6 (14... Bf5 $142 15. a3 Re8) 15. Qe3 (15. Ne2 $142) 15... Re8 16. Ne4 f5 17. Nd2 Bf6 (17... Bf7 $19 {Threatens to win with ...Bd6.} 18. f4 Bd6) 18. Nf3 (18. Qf3 $17) 18... f4 ({Black should play} 18... Bxb2 $19 {...Qf6 is the strong threat.} 19. Ng5 Bf7 20. Nxf7 Qf6) 19. Bxf4 Bg4 20. Qxe8+ Qxe8 21. Rxe8+ Rxe8 22. Bc1 ({White should try} 22. Bg3 $1 $15) 22... Nh4 $19 23. h3 Nxf3+ {[%emt 0:00:37] Weighted Error Value: White=0.55/Black=0.12 (very precise)} 0-1

[Event "1st Bella Italia International 2022"]
[Site "Lignano"]
[Date "2022.08.18"]
[Round "1.9"]
[White "Priyanka Nutakki"]
[Black "Perossa, Nicolas"]
[Result "1-0"]
[ECO "E90"]
[WhiteElo "2308"]
[BlackElo "2107"]
[Annotator "TA"]
[PlyCount "99"]
[EventDate "2022.08.18"]
[EventCountry "ITA"]
[SourceTitle "playchess.com"]
[Source "ChessBase"]
[SourceQuality "1"]
[TimeControl "5400+30"]

1. d4 Nf6 2. Nf3 g6 3. c4 Bg7 4. Nc3 O-O 5. Bg5 d6 6. Qd2 Nbd7 7. e4 c5 8. d5 {[%emt 0:00:24] E90: King's Indian: Classical: Early deviations and 6 h3.} a6 9. Bh6 Re8 10. h4 {[%emt 0:03:42][%cal Bh2h4,Bh4h5][%mdl 32] [#] White is slightly better.} e6 $146 ({Predecessor:} 10... Nf8 11. Bd3 Bd7 12. a4 b5 13. axb5 axb5 14. Rxa8 Qxa8 15. cxb5 Qa1+ 16. Qc1 Qxc1+ 17. Bxc1 {0-1 (31) Santos,M (2006)-Neves,P (2009) Lisbon 2009}) 11. Bxg7 {[%emt 0:01:25] White is more active.} Kxg7 12. dxe6 Rxe6 13. O-O-O Nxe4 14. Nxe4 Rxe4 15. h5 {[%emt 0:00:10] hxg6 is the strong threat.} Nf8 ({Black should play} 15... Qf6 $14) 16. Bd3 (16. Qxd6 Qxd6 17. Rxd6 Bg4 $11) 16... Rg4 17. Qc3+ (17. hxg6 fxg6 18. Rde1 Bd7 $11) 17... Kg8 $1 18. g3 ({Don't play} 18. h6 Ne6 19. Rde1 Qf8 $17) 18... b5 19. hxg6 (19. h6 Ne6 20. Rhe1 b4 $17) 19... fxg6 20. Nd2 (20. cxb5 axb5 21. Bxb5 Rxa2 22. Bc4+ Rxc4 23. Qxc4+ Be6 $17) (20. Rhe1 $5 ) 20... b4 21. Qc2 Ne6 {[%emt 0:00:00] And now ...Nd4 would win.} 22. Be4 Nd4 23. Qd3 Ra7 24. Bd5+ (24. Rhg1 $11) 24... Kg7 $15 25. Ne4 {[%emt 0:04:08] [#]} (25. Qe3 $15) 25... Bf5 $1 $17 26. Qe3 Bxe4 27. Bxe4 {[%emt 0:01:14] Threatens to win with Rxd4.} Qg5 {[%emt 0:00:00] Hoping for ...Qxe3+.} 28. f4 {[%emt 0:00:50] [#]} (28. Rde1 $17) 28... Rxg3 $4 (28... Qf6 $1 $19 {[%cal Og4g3] avoids the disaster. aiming for ...Rxg3!} 29. Rde1 h5) 29. Qxd4+ $1 $18 {[%emt 0:00:16] Black is now going downhill.} (29. fxg5 $2 {perishes.} Rxe3 30. Bd5 Re5 $19) 29... cxd4 30. fxg5 Rxg5 31. Rxd4 Rg4 32. Rhd1 Re7 33. Bc6 Rxd4 34. Rxd4 {[%emt 0:00:01][%mdl 4096] Endgame KRB-KR} Re6 35. Kc2 h5 36. Kb3 g5 37. Kxb4 g4 (37... h4 $142 38. Bd7 Rg6) 38. Kc3 Re1 39. Rxd6 h4 40. Rd4 Rg1 41. Bd7 g3 42. Rxh4 Kf6 43. Rg4 Ke7 44. Bc8 a5 45. Kb3 Kd6 46. Ka4 Kc7 47. Be6 {[%emt 0:00:34] Threatening mate with Bd5.} Kb6 48. Bd5 Rb1 49. b3 Rb2 50. a3 {[%emt 0:00:05] Weighted Error Value: White=0.14 (very precise) /Black=0.42} 1-0

[Event "1st Bella Italia International 2022"]
[Site "Lignano"]
[Date "2022.08.18"]
[Round "1.10"]
[White "Tencati, Giuseppe"]
[Black "Loiacono, Leonardo"]
[Result "1/2-1/2"]
[ECO "D59"]
[WhiteElo "2055"]
[BlackElo "2291"]
[Annotator "TA"]
[PlyCount "116"]
[EventDate "2022.08.18"]
[EventCountry "ITA"]
[SourceTitle "playchess.com"]
[Source "ChessBase"]
[SourceQuality "1"]
[TimeControl "5400+30"]

1. d4 d5 2. c4 e6 3. Nc3 Be7 4. Nf3 Nf6 5. Bg5 h6 6. Bh4 O-O 7. e3 b6 8. cxd5 Nxd5 9. Bxe7 Qxe7 10. Nxd5 exd5 11. Qb3 Be6 {[%emt 0:00:31] D59: Queen's Gambit Declined: Tartakower Defence: Main line (8 cxd5 Nxd5).} 12. Be2 c5 13. Qa3 Rc8 14. O-O Nc6 15. dxc5 bxc5 16. Rac1 Nb4 {[%emt 0:00:35] [#]} 17. Rfd1 $146 ({Predecessor:} 17. Qa5 Bf5 18. a3 Bd3 19. Rfe1 Bxe2 20. Rxe2 Nd3 21. Rd1 c4 22. Ne1 Rc5 23. Qc3 Nxe1 24. Qxe1 {1-0 (56) Citak,S (2153)-Pambalou,F (2088) Antalya 2004}) 17... a5 18. Rd2 Bf5 19. h3 a4 20. Ne1 Qg5 21. Nf3 Qf6 22. Ne1 Qg6 23. Kh2 (23. Nd3 $11) 23... Be4 24. Bf3 Ra6 25. Bxe4 Qxe4 26. Rcd1 Rb8 27. Qc3 Nxa2 (27... c4 $5 ) 28. Qxc5 Rab6 (28... Nb4 $11) 29. Nd3 (29. Rxd5 $16 {aiming for Rd8+.} Qe8 30. R1d4) 29... Rb3 (29... Rg6 30. Nf4 Rgb6 31. Nxd5 $18 (31. Rxd5 Qe8 $18)) (29... Nb4 $14) 30. Ra1 (30. Qc7 $16 {Strongly threatening Nc5.} Qe8 31. Nc5) 30... Rxd3 $11 31. Rxd3 Qxd3 32. Rxa2 {[%emt 0:00:04][%mdl 4096] Endgame KQR-KQR} Qb3 33. Qc7 (33. Ra3 {with more complications.} Qxb2 34. Rxa4 Qxf2 35. Rf4) 33... Rf8 34. Ra3 Qxb2 35. Rxa4 Qxf2 36. Qe5 Rc8 37. Rf4 Qa2 38. Qf5 Rf8 39. Rd4 Re8 40. Rxd5 g6 41. Qf3 Qb3 42. e4 Qb8+ 43. Kg1 Qa7+ ({Black should try} 43... Qb1+ $15 44. Kh2 Qxe4) 44. Kh2 $1 Qc7+ 45. Kg1 Ra8 46. Rd1 Qe5 47. Rf1 Qe6 48. Qf4 h5 49. Re1 Ra2 50. Rf1 Re2 51. Qg5 (51. Qb8+ $11 Kg7 52. Qb7) 51... Rxe4 $17 52. Qg3 Re2 53. Qf3 Re3 54. Qa8+ Kg7 55. Qa1+ Re5 56. Qd4 Qd5 57. Qb2 Kh7 (57... Qc5+ $17 58. Qf2 Qe7) 58. Rxf7+ $1 $11 Qxf7 {[%emt 0:00:08] Weighted Error Value: White=0.14 (very precise) /Black=0.14 (very precise)} 1/2-1/2